Map: Бюро находок РВ

Players

ИИ 1 (знаток)

  • Race: Zerg Zerg
  • Spawn Location: 7:00

Doll - Winner!

  • Race: Protoss Protoss
  • Spawn Location: 1:00

VOD

Have the link to the VOD?

Description

Time

  • Played on: Dec. 14, 2020, 3:12 p.m.
  • Length: 9:33
Show
View Real Time Build Order
Export as new Build Order

ИИ 1 (знаток) Zerg 

Build Orders: 1 Base Baneling Bust, Pool First 

Get SALT Encoding   

  12  0:00  Drone  
  13  0:12  Overlord  
  13  0:16  Drone  
  14  0:30  Drone x2  
  16  0:42  Spawning Pool  
  15  0:45  Drone  
  15  0:49  Drone  
  17  0:52  Extractor  
  17  0:55  Drone  
  17  1:06  Overlord  
  17  1:30  Queen  
  17  1:31  Zergling x2  
  20  1:36  Roach Warren  
  20  1:38  Drone  
  20  1:40  Zergling x2  
  20  1:41  Extractor  
  20  1:49  Drone  
  21  2:00  Drone  
  22  2:10  Overlord  
  22  2:21  Drone  
  23  2:32  Roach  
  23  2:37  Drone  
  26  2:41  Roach  
  26  2:42  Overlord  
  28  2:49  Roach  
  30  2:58  Roach  
  32  3:06  Roach  
  34  3:13  Overlord  
  34  3:15  Roach  
  36  3:23  Roach  
  38  3:32  Roach  
  40  3:36  Overlord  
  40  3:41  Roach  
  42  3:49  Roach  
  42  3:51  Drone  
  42  3:54  Drone  
  46  4:00  Drone  
  47  4:11  Baneling Nest, Roach  
  47  4:12  Drone x2  
  50  4:19  Roach  
  50  4:22  Overlord  
  52  4:29  Evolution Chamber  
  51  4:33  Drone  
  52  4:44  Roach, Drone x2  
  56  4:52  Roach  
  58  6:09  Lair  
  58  6:10  Overlord, Zerg Melee Weapons Level 1  
  58  6:12  Spore Crawler  
  58  6:14  Spore Crawler  
  58  6:16  Hatchery  
  55  6:31  Drone  
  56  6:34  Drone  
  57  6:42  Spine Crawler  
  57  6:44  Drone  
  57  6:52  Spine Crawler  
  57  6:53  Drone  
  57  6:57  Zergling x2  
  50  7:04  Roach  
  50  7:07  Burrow  
  30  7:11  Hydralisk Den, Roach  
  31  7:18  Roach  
  33  7:26  Roach  
  35  7:30  Drone  
  35  7:33  Roach  
  35  7:35  Drone x2  
  35  7:36  Drone x4  
  44  7:37  Extractor  
  44  7:38  Drone  
  44  7:40  Roach  
  46  7:49  Drone  
  46  7:50  Drone  
  48  7:53  Roach  
  48  7:54  Drone  
  48  7:55  Drone  
  52  8:00  Drone  
  52  8:01  Drone  
  54  8:10  Drone  
  54  8:12  Drone  
  56  8:21  Drone  
  56  8:23  Drone  
  56  8:26  Roach, Drone  
  61  8:27  Overlord  
  61  8:32  Drone  
  62  8:34  Drone  
  52  8:42  Roach  
  52  8:45  Drone  
  51  8:53  Zergling x2  
  49  8:56  Zergling x2  
  49  8:57  Drone  
  49  8:58  Zergling x2, Drone  
  49  8:59  Drone x2  
  42  9:05  Drone x7  
  42  9:07  Roach  
  35  9:14  Drone  
  35  9:17  Drone  
  32  9:18  Drone x4  
  32  9:19  Drone  
Show
View Real Time Build Order
Export as new Build Order

Doll Protoss - Winner!

Build Orders: 1 Gate Expand 

Get SALT Encoding   

  12  0:00  Probe  
  13  0:12  Probe  
  14  0:20  Pylon  
  14  0:25  Probe  
  15  0:42  Gateway, Probe (Chrono Boost)  
  16  0:47  Pylon  
  16  0:52  Probe (Chrono Boost)  
  17  0:57  Probe (Chrono Boost)  
  17  0:58  Assimilator  
  18  1:09  Probe (Chrono Boost)  
  19  1:17  Probe (Chrono Boost)  
  20  1:32  Nexus  
  20  1:38  Zealot  
  22  1:44  Probe  
  23  1:51  Assimilator  
  23  1:57  Probe  
  24  2:04  Cybernetics Core  
  24  2:06  Zealot  
  26  2:09  Probe  
  27  2:21  Probe  
  28  2:25  Gateway  
  28  2:33  Zealot  
  28  2:34  Probe  
  31  2:42  Warp Gate  
  31  2:43  Pylon  
  31  2:45  Probe  
  31  2:49  Probe  
  33  2:57  Probe  
  34  3:01  Stalker  
  34  3:02  Probe  
  37  3:10  Probe  
  37  3:12  Stalker  
  40  3:14  Probe  
  41  3:23  Probe  
  41  3:25  Twilight Council  
  42  3:27  Probe  
  42  3:31  Adept  
  45  3:36  Probe  
  45  3:39  Pylon, Probe  
  47  3:43  Stalker  
  49  3:48  Probe  
  49  3:52  Probe  
  51  4:01  Probe  
  51  4:02  Robotics Facility  
  52  4:04  Probe  
  52  4:08  Templar Archives, Assimilator  
  53  4:10  Assimilator  
  53  4:12  Stalker  
  53  4:16  Probe  
  56  4:17  Probe  
  56  4:23  Pylon  
  57  4:29  Probe  
  57  4:30  Probe  
  57  4:31  Stargate  
  59  4:39  Stalker  
  59  4:42  Probe  
  59  4:43  Probe  
  63  4:51  Observer, Gateway  
  64  4:55  Probe  
  64  4:56  Probe, Zealot  
  68  5:02  Gateway  
  68  5:04  Psionic Storm  
  68  5:07  Pylon  
  68  5:08  Probe  
  68  5:10  Probe  
  70  5:25  High Templar  
  70  5:27  High Templar  
  74  5:28  Probe  
  74  5:29  Probe  
  74  5:32  Pylon  
  76  5:41  Nexus  
  76  5:46  Probe  
  76  5:47  Probe  
  76  5:48  Void Ray  
  76  5:49  Gateway  
  78  5:50  Pylon  
  78  5:51  High Templar  
  84  5:57  Zealot  
  84  6:02  Pylon  
  86  6:08  Pylon  
  86  6:10  Probe x2  
  88  6:13  High Templar  
  88  6:15  Forge  
  88  6:16  Zealot  
  88  6:17  Forge  
  92  6:21  Sentry  
  92  6:24  Probe x2  
  96  6:25  Zealot  
  96  6:28  Void Ray  
  98  6:37  Gateway  
  98  6:38  Zealot  
  104  6:43  Probe  
  104  6:44  Probe  
  106  6:47  High Templar, Pylon  
  106  6:52  Zealot x2  
  106  6:53  Zealot  
  114  6:56  Charge  
  114  7:00  Probe x3  
  111  7:05  Void Ray, Zealot  
  105  7:12  Probe  
  110  7:19  Sentry  
  110  7:20  Zealot x2  
  116  7:26  Probe x3  
  119  7:32  Pylon, Zealot x2  
  119  7:35  Zealot  
  125  7:40  Probe  
  125  7:41  Probe x2  
  125  7:43  Stalker  
  130  7:45  Stalker  
  130  7:51  Stalker  
  134  7:53  Probe  
  134  7:54  Probe  
  134  7:56  Probe  
Tags
 
Add a new tag
Caveats
  • Supply blocks, unpowered buildings, or Contaminate may cause inaccurate times.
  • Supply counts are checked every 10 seconds.